 Dungeon Sprint DCSS version 0.22-a0-858-g985ef60 (webtiles) character file.

5300000 rgaf the Axe Maniac (level 27, 0/273 HPs)
             Began as a Hill Orc Berserker on July 27, 2018.
             Engulfed by a cloud of flame (8 damage)
             ... in the Dungeon (Sprint VIII: "Arena of Blood").
             The game lasted 00:02:33 (53 turns).

rgaf the Axe Maniac (Hill Orc Berserker)              Turns: 53, Time: 00:02:34

Health: 0/273      AC:  4    Str: 26    XL:     27
Magic:  26/54      EV: 33    Int:  7    God:
Gold:   0          SH:  0    Dex: 17    Spells: 80/80 levels left

rFire    . . .     SeeInvis .   j - +∞ Axe of Woe
rCold    . . .     Gourm    .   (shield currently unavailable)
rNeg     . . .     Faith    .   b - +0 animal skin
rPois    .         Spirit   .   (no helmet)
rElec    .         Reflect  .   (no cloak)
rCorr    .         Harm     .   (no gloves)
MR       ++...     NoTele   +   (no boots)
Stlth    +++++++++.             (no amulet)
HPRegen  0.55/turn              (no ring)
MPRegen  0.34/turn              (no ring)

@: very slightly contaminated
A: no striking features
a: no special abilities


You were in the Dungeon.
You were not hungry.

You visited 1 branch

Inventory:

Hand Weapons
 a - a +0 hand axe
 j - the +∞ Axe of Woe (weapon)
   (You found it in the Dungeon)
Armour
 b - a +0 animal skin (worn)
Potions
 d - a potion of curing
 e - a potion of heal wounds
 f - a potion of haste
 g - 2 potions of magic
 h - a potion of berserk rage
Comestibles
 c - a ration


   Skills:
 O Level 27 Fighting
 O Level 27 Axes
 O Level 27 Throwing
 O Level 27 Armour
 O Level 27 Dodging
 O Level 27 Stealth
 O Level 27 Unarmed Combat
 O Level 27 Spellcasting


You had 80 spell levels left.
You didn't know any spells.
Your spell library was empty.

Dungeon Overview and Level Annotations

Branches:
Dungeon (1/1)

Altars:
Makhleb


Message History

You hear a shout! x2
Unknown command.
You aren't carrying any scrolls.
Unknown command.
You slash the large bag of meat!
You slaughter the large bag of meat joyfully.
The large bag of meat explodes!
The fiery explosion engulfs you!
* * * LOW HITPOINT WARNING * * *
The fiery explosion engulfs the meat berserker. x2
You have reached level 27, the final one!
Your experience leads to an increase in your attributes!
Increase (S)trength, (I)ntelligence, or (D)exterity?
You feel agile.
You slice the meat berserker!!
You butcher the meat berserker messily.
You kill the meat berserker!
You slice the bag of meat!!
You hew the bag of meat savagely.
You kill the bag of meat!
You are engulfed in blazing flames.
You die...

.......#.#...o.
..........V....
...........%.o.
...............
.........z..V..........
#..oo.............o..
.#O..o... #..§§§).#
....#.... #.%.)@§.#
.#......###..§§§§§###.o.
........%..xo###§O.o..o.
.....#.).)))§oz.Xo.O..o.
..#..%§)))#§§O).#..o...
#..O.....).#§§<)_#......
...#....§§.#.V.).# .....
.....#.O%....._.........
......zV.....###........


You could see 2 destroyers, a sculptor of flesh, a large abomination, 2 meat
berserkers, a small abomination and 8 bags of meat.

Vanquished Creatures
  3 vampire knights (D)
  12 ogres (D)
  5 two-headed ogres (D)
  26 orcs (D)
  5 skeletal warriors (D)
  A small abomination (D)
  3 crawling corpses (D)
55 creatures vanquished.

Vanquished Creatures (others)
  4 crawling corpses (D)
4 creatures vanquished.

Grand Total: 59 creatures vanquished

Notes
Turn   | Place    | Note
-------+----------+-------------------------------------------
     0 | D        | Found the +∞ Axe of Woe
     0 | D        | rgaf the Hill Orc Berserker began the quest for the Orb.
     0 | D        | Reached XP level 1. HP: 19/19 MP: 1/1
     1 | D        | Noticed a bag of meat
     1 | D        | Noticed a bag of meat
     1 | D        | Noticed a bag of meat
     2 | D        | Noticed a bag of meat
     4 | D        | Noticed a meat berserker
     4 | D        | Noticed a bag of meat
     4 | D        | Noticed a bag of meat
     6 | D        | Killed a bag of meat
     6 | D        | Reached XP level 2. HP: 56/56 MP: 2/2
     6 | D        | Reached XP level 3. HP: 63/63 MP: 3/3
     6 | D        | Reached XP level 4. HP: 71/71 MP: 4/4
     6 | D        | Reached XP level 5. HP: 79/79 MP: 5/5
     6 | D        | Reached XP level 6. HP: 86/86 MP: 6/6
     6 | D        | Reached XP level 7. HP: 94/94 MP: 7/7
     6 | D        | Reached XP level 8. HP: 102/102 MP: 8/8
     6 | D        | Reached XP level 9. HP: 108/108 MP: 9/9
     6 | D        | Reached XP level 10. HP: 117/117 MP: 10/10
     6 | D        | Reached XP level 11. HP: 124/124 MP: 11/11
     6 | D        | Reached XP level 12. HP: 133/133 MP: 12/12
     6 | D        | Noticed a bag of meat
     7 | D        | Noticed a bag of meat
     8 | D        | Killed a bag of meat
     8 | D        | Reached ** piety under Trog
     8 | D        | Reached XP level 13. HP: 145/145 MP: 13/13
     8 | D        | Noticed a bag of meat
     9 | D        | Killed a meat berserker
     9 | D        | Reached XP level 14. HP: 160/160 MP: 14/14
     9 | D        | Killed a bag of meat
     9 | D        | Reached skill level 27 in Axes
     9 | D        | Reached skill level 15 in Dodging
     9 | D        | Reached XP level 15. HP: 170/170 MP: 15/15
     9 | D        | Reached *** piety under Trog
    11 | D        | Reached skill level 27 in Fighting
    11 | D        | Reached XP level 16. HP: 183/183 MP: 16/16
    12 | D        | Noticed a meat berserker
    14 | D        | Noticed a meat berserker
    15 | D        | Noticed a meat berserker
    15 | D        | Noticed a meat berserker
    16 | D        | Noticed a large bag of meat
    16 | D        | Killed a meat berserker
    16 | D        | Reached skill level 27 in Armour
    16 | D        | Reached XP level 17. HP: 191/191 MP: 17/17
    18 | D        | Reached **** piety under Trog
    19 | D        | Killed a meat berserker
    19 | D        | Reached skill level 27 in Dodging
    19 | D        | Reached XP level 18. HP: 200/200 MP: 18/18
    21 | D        | Killed a meat berserker
    21 | D        | Reached ***** piety under Trog
    21 | D        | Received a gift from Trog
    22 | D        | Killed a meat berserker
    22 | D        | Reached skill level 27 in Stealth
    22 | D        | Reached skill level 5 in Throwing
    22 | D        | Reached XP level 19. HP: 207/207 MP: 19/19
    23 | D        | Received a gift from Trog
    25 | D        | Noticed a large bag of meat
    26 | D        | Received a gift from Trog
    26 | D        | Reached XP level 20. HP: 216/216 MP: 20/20
    27 | D        | Received a gift from Trog
    27 | D        | Reached skill level 27 in Throwing
    28 | D        | Killed a large bag of meat
    28 | D        | Reached XP level 21. HP: 197/224 MP: 20/39
    30 | D        | Reached * piety under Trog
    30 | D        | Fell from the grace of Trog
    31 | D        | Killed a large bag of meat
    31 | D        | Reached skill level 27 in Unarmed Combat
    31 | D        | Reached XP level 22. HP: 181/233 MP: 20/47
    32 | D        | Noticed a large bag of meat
    34 | D        | Reached skill level 27 in Spellcasting
    34 | D        | Noticed a destroyer
    35 | D        | Noticed a large bag of meat
    36 | D        | Noticed a large bag of meat
    36 | D        | Noticed a destroyer
    37 | D        | Killed a large bag of meat
    37 | D        | Reached XP level 23. HP: 152/240 MP: 22/54
    39 | D        | Noticed a destroyer
    41 | D        | Noticed a large bag of meat
    43 | D        | Killed a destroyer
    44 | D        | Reached XP level 24. HP: 103/249 MP: 24/54
    44 | D        | Noticed a destroyer
    46 | D        | Killed a destroyer
    47 | D        | Reached XP level 25. HP: 108/257 MP: 25/54
    48 | D        | Noticed a destroyer
    50 | D        | Killed a large bag of meat
    51 | D        | Reached XP level 26. HP: 30/266 MP: 26/54
    51 | D        | Killed a destroyer
    53 | D        | Killed a large bag of meat
    53 | D        | HP: 8/266 [large bag of meat/exploding inner flame (23)]
    53 | D        | Reached XP level 27. HP: 8/273 MP: 26/54
    53 | D        | Engulfed by a cloud of flame

Vault maps used:
D:        meatsprint

Skill      XL: |  1  2  3  4  5  6  7  8  9 10 11 12 13 14 15 16 17 18 19 20 21 22 |
---------------+-------------------------------------------------------------------+-----
Fighting       | 20 22 24 25 27 | 27.0
Axes           | 22 24 26 27 | 27.0
Armour         | 11 14 18 19 22 27 | 27.0
Dodging        | 8 11 14 15 18 22 27 | 27.0
Stealth        | 16 27 | 27.0
Throwing       | 5 24 27 | 27.0
Unarmed Combat | 19 27 | 27.0
Spellcasting   | 14 21 27 | 27.0

Action                   |  1- 3 |  4- 6 |  7- 9 | 10-12 | 13-15 | 16-18 | 19-21 | 22-24 | 25-27 || total
-------------------------+-------+-------+-------+-------+-------+-------+-------+-------+-------++-------
Melee: Executioner's axe |     1 |       |       |     1 |     2 |     5 |     7 |    10 |     5 ||    31
  Use: Scroll            |       |       |       |       |       |       |       |     1 |       ||     1
 Stab: Distracted        |       |       |       |       |       |       |       |     1 |       ||     1
Dodge: Dodged            |       |       |       |       |       |     1 |       |       |       ||     1

Table legend:
 A = Spawn XP
 B = Non-spawn XP
 C = Spawn XP percentage of total XP
 D = Spawn monster count
 E = Non-spawn monster count
 F = Spawn count percentage of total count
 G = Total turns spent on level
                    A         B        C        D         E        F      G
               +---------+---------+-------+---------+---------+-------+---------
         Total |       0 | 1339568 |   0.0 |       0 |      52 |   0.0 |    53
               +---------+---------+-------+---------+---------+-------+---------
             D |       0 | 1339568 |   0.0 |       0 |      52 |   0.0 |    53
               +---------+---------+-------+---------+---------+-------+---------
